 Dungeon Crawl Stone Soup version 0.26-a0-833-g7262b39652 (webtiles) character file.

Game seed: 8153329175096799485

359 P0NYSLAYSTATION the Poker (level 6, -5/51 HPs)
             Began as a Hill Orc Gladiator on Nov 16, 2020.
             Slain by a sky beast (6 damage)
             ... on level 7 of the Dungeon.
             The game lasted 00:07:42 (1620 turns).

P0NYSLAYSTATION the Poker (Hill Orc Gladiator)      Turns: 1620, Time: 00:07:43

Health: -5/51      AC:  4    Str: 18    XL:     6   Next: 65%
Magic:  6/6        EV: 13    Int:  9    God:
Gold:   54         SH:  0    Dex: 12    Spells: 5/5 levels left

rFire    . . .     SeeInvis .   a - +0 trident
rCold    . . .     Faith    .   (no shield)
rNeg     . . .     Spirit   .   b - +0 leather armour
rPois    .         Reflect  .   c - +0 helmet
rElec    .         Harm     .   (no cloak)
rCorr    .         Rampage  .   (no gloves)
MR       .....                  (no boots)
Stlth    +.........             (no amulet)
HPRegen  0.17/turn              (no ring)
MPRegen  0.10/turn              (no ring)

@: no status effects
A: no striking features
a: no special abilities


You were on level 7 of the Dungeon.
You visited 1 branch of the dungeon, and saw 7 of its levels.

You collected 54 gold pieces.

Inventory:

Hand Weapons
 a - a +0 trident (weapon)
 n - a +0 halberd
Missiles
 d - 3 throwing nets (quivered)
Armour
 b - a +0 leather armour (worn)
 c - a +0 helmet (worn)
Jewellery
 i - an uncursed ring of ice {unknown}
 j - a cursed -4 ring of evasion {unknown}
Scrolls
 g - a scroll of blinking {unknown}
 h - 2 scrolls of identify {unknown}
 k - a scroll of immolation {unknown}
 l - 2 scrolls of teleportation {unknown}
 m - 2 scrolls of remove curse {unknown}


   Skills:
 + Level 3.2 Fighting
 + Level 6.3 Polearms
 + Level 2.0 Throwing
 + Level 2.4 Armour
 + Level 3.3 Dodging


You had 5 spell levels left.
You didn't know any spells.
Your spell library was empty.

Dungeon Overview and Level Annotations

Branches:
Dungeon (7/15)
 Temple: D:4-7

Altars:


Message History

The sky beast hits you.
* * * LOW HITPOINT WARNING * * *
The sky beast shocks you.
* * * LOW HITPOINT WARNING * * *
You hit the sky beast but do no damage.
The sky beast is heavily wounded.
The sky beast closely misses you.
You closely miss the sky beast.
The sky beast is heavily wounded.
The sky beast flickers out of sight!
Deactivating autopickup; reactivate with Ctrl-A.
Something hits you but does no damage.
You miss something. Something hits you.
* * * LOW HITPOINT WARNING * * *
Something shocks you.
* * * LOW HITPOINT WARNING * * *
You completely miss something. Something hits you.
* * * LOW HITPOINT WARNING * * *
Something shocks you.
You die...

..... ...
... ...
#.# #.#
#.# #@#
#{# #.#
..# ...#
.....
......
.......
$........


There were no monsters in sight!

Vanquished Creatures
  A phantom (D:4)
  A howler monkey (D:4)
  An orc priest (D:4)
  A hound (D:7)
  An orc wizard (D:4)
  A centaur skeleton (D:4)
  2 worker ants (D:4)
  3 gnolls (D:4)
  2 adders
  A dart slug (D:4)
  2 leopard geckos (D:4)
  2 orcs
  2 bats
  2 giant cockroaches
  A hobgoblin (D:1)
  A jackal (D:4)
  A quokka (D:4)
  3 kobolds
  3 rats
31 creatures vanquished.

Notes
Turn   | Place    | Note
-------+----------+-------------------------------------------
     0 | D:1      | P0NYSLAYSTATION the Hill Orc Gladiator began the quest for
                  | the Orb.
     0 | D:1      | Reached XP level 1. HP: 18/18 MP: 1/1
   166 | D:3      | Reached XP level 2. HP: 25/25 MP: 2/2
   330 | D:4      | Reached skill level 4 in Polearms
   330 | D:4      | Reached XP level 3. HP: 25/30 MP: 3/3
   493 | D:4      | Reached XP level 4. HP: 22/37 MP: 4/4
   520 | D:4      | Noticed a phantom
   659 | D:4      | Reached skill level 5 in Polearms
   659 | D:4      | Reached XP level 5. HP: 8/45 MP: 5/5
  1034 | D:4      | HP: 2/45 [centaur skeleton (4)]
  1151 | D:4      | Killed a phantom
  1152 | D:4      | Reached skill level 1 in Armour
  1152 | D:4      | Reached XP level 6. HP: 6/51 MP: 6/6
  1455 | D:4      | Reached skill level 6 in Polearms
  1574 | D:5      | Entered Level 5 of the Dungeon
  1596 | D:6      | Noticed a sky beast
  1619 | D:7      | HP: 2/51 [something (6)]
  1620 | D:7      | Slain by a sky beast

Illustrated notes

Levels and vault maps discovered:
D:1:      ncdulo_halloftheorcs, layout_basic
D:2:      layout_loops_cross, minmay_misc_feat_tiny, minmay_misc_feat_nine_boxes
D:3:      layout_basic, corexii_hall_statues_u
D:4:      minmay_chambers_of_threes, layout_gridville, minmay_temple_entry_mist,
          lightli_corner_chamber
D:5:      corexii_shantytown, layout_loops_corners,
          nicolae_qazlal_style_of_elements
D:6:      layout_rooms, minmay_increasing_density, uniq_maggie, uniq_grinder
D:7:      minmay_the_grid_triangle_9x9_rhombus_thin
          [minmay_the_grid_triangle_9x9_thin_v,
          minmay_the_grid_triangle_9x9_prize_special,
          minmay_the_grid_triangle_9x9_steps,
          minmay_the_grid_triangle_9x9_limited_checkers], layout_rooms,
          uniq_menkaure

Skill      XL: |  1  2  3  4  5  6 |
---------------+-------------------+-----
Throwing       | 2 |  2.0
Polearms       | 4 5 6 |  6.3
Dodging        | 3 |  3.3
Fighting       | 3 |  3.2
Armour         | 1 2 |  2.4

Action                   |  1- 3 |  4- 6 || total
-------------------------+-------+-------++-------
Melee: Trident           |    48 |   139 ||   187
Throw: Throwing net      |       |     1 ||     1
  Use: Potion            |       |     2 ||     2
Armor: Leather armour    |     8 |    22 ||    30
Dodge: Dodged            |    25 |    61 ||    86

Table legend: (Time is in decaauts)
 A = Elapsed time spent in this place.
 B = Non-inter-level travel time spent in this place.
 C = Inter-level travel time spent in this place.
 D = Time resting spent in this place.
 E = Time spent auto-exploring this place.
 F = Levels seen in this place.
 G = Mean time per level.
                   A        B        C        D        E       F      G
               +--------+--------+--------+--------+--------+-----+--------+
         Total |   1611 |   1583 |     28 |      0 |   1017 |   7 |  230.1 |
       Dungeon |   1611 |   1583 |     28 |      0 |   1017 |   7 |  230.1 |
               +--------+--------+--------+--------+--------+-----+--------+

Top non-repeatable levels by time:
     D:4: 1240 daAuts
     D:3: 168 daAuts
     D:1: 86 daAuts
     D:2: 72 daAuts
     D:5: 20 daAuts
     D:7: 19 daAuts
     D:6: 3 daAuts
